PAA
TACOMA FUR TRADERS @ MINNESOTA LOONS
05/07/2031
 
TOP OF THE 1ST
Tacoma Fur Traders batting - Pitching for Minnesota Loons : LHP Miguel López
Pitching: LHP Miguel López
Batting: RHB Jeremy Geertsen 0-0: DOUBLE (Line Drive, 8LXD)
Batting: RHB Jonathan Barnett 0-0: Called Strike
0-1: Swinging Strike
0-2: Ground out 4-3 (Groundball, 4)
Jeremy Geertsen to third
Batting: RHB Daryl Yandell 0-0: Ball
1-0: Ball
2-0: Foul Ball, location: 2F
2-1: SINGLE (Flyball, 89M)
Jeremy Geertsen scores
Batting: RHB Amon-Ra St. Brown 0-0: Ball
1-0: Ball
2-0: Swinging Strike
2-1: Ball
3-1: Foul Ball, location: 2F
3-2: Strikes out swinging
Batting: RHB Mike Case 0-0: Ball
1-0: Foul Ball, location: 2F
1-1: Ball
2-1: Called Strike
2-2: Foul Ball, location: 2F
2-2: Ball
3-2: Strikes out swinging
Top of the 1st over - 1 run, 2 hits, 0 errors, 1 left on base; Tacoma 1 - Minnesota 0
BOTTOM OF THE 1ST
Minnesota Loons batting - Pitching for Tacoma Fur Traders : RHP John Hottinger
Pitching: RHP John Hottinger
Batting: LHB Rim Hong-Do 0-0: Called Strike
0-1: Foul Ball, location: 2F
0-2: Foul Ball, location: 2F
0-2: Strikes out looking
Batting: RHB José de la Cavallería 0-0: Ball
1-0: Ball
2-0: Ball
3-0: Base on Balls
Batting: LHB Johan Kroening 0-0: Ball
1-0: Ball
2-0: Ground out U3 (Groundball, 3)
José de la Cavallería to second
Batting: LHB Juan Aranda 0-0: Called Strike
0-1: Ball
1-1: Ball
2-1: Called Strike
2-2: Ball
3-2: Foul Ball, location: 2F
3-2: Foul Ball, location: 2F
3-2: Fly out, F5 (Popup, 56)
Bottom of the 1st over - 0 runs, 0 hits, 0 errors, 1 left on base; Tacoma 1 - Minnesota 0
TOP OF THE 2ND
Tacoma Fur Traders batting - Pitching for Minnesota Loons : LHP Miguel López
Batting: RHB Alan Patterson 0-0: Called Strike
0-1: Ground out 5-3 (Groundball, 25)
Batting: RHB Gerardo Herváz 0-0: Ball
1-0: Swinging Strike
1-1: Ball
2-1: Called Strike
2-2: Foul Ball, location: 2F
2-2: Ground out 6-3 (Groundball, 6)
Batting: RHB Bill Perkins 0-0: Ball
1-0: Swinging Strike
1-1: Foul Ball, location: 2F
1-2: Ball
2-2: Foul Ball, location: 2F
2-2: Strikes out swinging
Top of the 2nd over - 0 runs, 0 hits, 0 errors, 0 left on base; Tacoma 1 - Minnesota 0
BOTTOM OF THE 2ND
Minnesota Loons batting - Pitching for Tacoma Fur Traders : RHP John Hottinger
Batting: RHB Ángelo Delgado 0-0: Foul Ball, location: 2F
0-1: Ball
1-1: Foul Ball, location: 2F
1-2: Ball
2-2: Foul Ball, location: 2F
2-2: Foul Ball, location: 2F
2-2: SINGLE (Groundball, 6MD)
Batting: RHB Luis Delvalle 0-0: Ball
1-0: Ball
2-0: SINGLE (Groundball, 6S) (infield hit)
Ángelo Delgado to second
Batting: RHB Cody Jaeckel 0-0: Foul Ball, location: 2F
0-1: Called Strike
0-2: Ball
1-2: Ball
2-2: Fielders Choice at 2nd, 5-4 (Groundball, 5)
Ángelo Delgado to third
Batting: RHB Hani Azwan 0-0: Called Strike
0-1: Ball
1-1: Foul Ball, location: 2F
1-2: Foul Ball, location: 2F
1-2: SINGLE (Flyball, 9LM)
Ángelo Delgado scores
Cody Jaeckel to second
Runner from 2nd tries for 3rd, SAFE, no throw
Batting: SHB Raúl Mateo 0-0: Ball
1-0: Foul Ball, location: 2F
1-1: Ball
2-1: Ground out 3-1 (Groundball, 3)
Cody Jaeckel scores
Hani Azwan to second
Batting: LHB Rim Hong-Do 0-0: Ball
1-0: Fly out, F7 (Flyball, 7S)
Bottom of the 2nd over - 2 runs, 3 hits, 0 errors, 1 left on base; Tacoma 1 - Minnesota 2
TOP OF THE 3RD
Tacoma Fur Traders batting - Pitching for Minnesota Loons : LHP Miguel López
Batting: RHB Sherman N'Dir 0-0: Called Strike
0-1: Swinging Strike
0-2: Ball
1-2: Strikes out swinging
Batting: RHB Jeremy Geertsen 0-0: Ball
1-0: Ball
2-0: Ball
3-0: Base on Balls
Batting: RHB Jonathan Barnett 0-0: Called Strike
Jeremy Geertsen is caught stealing 2nd base
0-1: Called Strike
0-2: Ball
1-2: Foul Ball, location: 2F
1-2: SINGLE (Groundball, 15S) (infield hit)
Batting: RHB Daryl Yandell 0-0: Called Strike
0-1: Swinging Strike
0-2: SINGLE (Line Drive, 89S)
Jonathan Barnett to second
Batting: RHB Amon-Ra St. Brown 0-0: Foul Ball, location: 2F
0-1: Ball
1-1: Swinging Strike
1-2: SINGLE (Line Drive, 89S)
Jonathan Barnett to third
Daryl Yandell to second
Batting: RHB Mike Case 0-0: Swinging Strike
0-1: Swinging Strike
0-2: Ball
1-2: SINGLE (Line Drive, 8LS)
Jonathan Barnett scores
Daryl Yandell to third
Amon-Ra St. Brown to second
Batting: RHB Alan Patterson 0-0: Called Strike
0-1: Ball
1-1: Foul Ball, location: 2F
1-2: SINGLE (Groundball, 56D)
Daryl Yandell scores
Amon-Ra St. Brown to third
Mike Case to second
Runner from 3rd tries for Home, SAFE, no throw
Batting: RHB Gerardo Herváz 0-0: Fielders Choice at 2nd, 5-4 (Groundball, 56)
Top of the 3rd over - 3 runs, 5 hits, 0 errors, 2 left on base; Tacoma 4 - Minnesota 2
BOTTOM OF THE 3RD
Minnesota Loons batting - Pitching for Tacoma Fur Traders : RHP John Hottinger
Batting: RHB José de la Cavallería 0-0: Called Strike
0-1: DOUBLE (Line Drive, 7D)
Batting: LHB Johan Kroening 0-0: Called Strike
0-1: Foul Ball, location: 2F
0-2: Fly out, F1 (Line Drive, 13)
Batting: LHB Juan Aranda 0-0: Called Strike
0-1: SINGLE (Groundball, 25) (infield hit)
José de la Cavallería to third
Batting: RHB Ángelo Delgado 0-0: Called Strike
Juan Aranda steals 2nd base
0-1: Swinging Strike
0-2: Ball
1-2: Fly out, F9 (Flyball, 89M)
Runner from 3rd tags up, SCORES, throw made
Batting: RHB Luis Delvalle 0-0: Ball
1-0: Called Strike
1-1: Fly out, F7 (Flyball, 7S)
Bottom of the 3rd over - 1 run, 2 hits, 0 errors, 1 left on base; Tacoma 4 - Minnesota 3
TOP OF THE 4TH
Tacoma Fur Traders batting - Pitching for Minnesota Loons : LHP Miguel López
Batting: RHB Bill Perkins 0-0: Ball
1-0: Foul Ball, location: 2F
1-1: SOLO HOME RUN (Flyball, 7D), Distance : 348 ft
Batting: RHB Sherman N'Dir 0-0: Ball
1-0: Swinging Strike
1-1: SINGLE (Groundball, 6D)
Batting: RHB Jeremy Geertsen Pickoff Throw to First - Out!
0-0: Ball
1-0: Swinging Strike
1-1: Called Strike
1-2: Foul Ball, location: 2F
1-2: Foul Ball, location: 2F
1-2: Ball
2-2: Foul Ball, location: 2F
2-2: Foul Ball, location: 2F
2-2: SINGLE (Line Drive, 56D)
Batting: RHB Jonathan Barnett 0-0: Foul Ball, location: 2F
0-1: Ball
1-1: Swinging Strike
1-2: Ball
Jeremy Geertsen is caught stealing 2nd base
2-2: Ball
3-2: Strikes out swinging
Top of the 4th over - 1 run, 3 hits, 0 errors, 0 left on base; Tacoma 5 - Minnesota 3
BOTTOM OF THE 4TH
Minnesota Loons batting - Pitching for Tacoma Fur Traders : RHP John Hottinger
Batting: RHB Cody Jaeckel 0-0: Called Strike
0-1: Ball
1-1: Ball
2-1: Ball
3-1: Fly out, F9 (Flyball, 9S)
Batting: RHB Hani Azwan 0-0: Ground out 5-3 (Groundball, 25)
Batting: SHB Raúl Mateo 0-0: Fly out, F9 (Flyball, 89M)
Bottom of the 4th over - 0 runs, 0 hits, 0 errors, 0 left on base; Tacoma 5 - Minnesota 3
TOP OF THE 5TH
Tacoma Fur Traders batting - Pitching for Minnesota Loons : LHP Miguel López
Batting: RHB Daryl Yandell 0-0: Called Strike
0-1: Ball
1-1: Ball
2-1: Ball
3-1: Swinging Strike
3-2: Base on Balls
Batting: RHB Amon-Ra St. Brown 0-0: Called Strike
0-1: Ball
1-1: Ball
2-1: Called Strike
2-2: Fly out, F7 (Flyball, 7)
Batting: RHB Mike Case 0-0: Called Strike
0-1: Ball
1-1: Ball
2-1: Swinging Strike
2-2: Foul Ball, location: 2F
2-2: Foul Ball, location: 2F
2-2: Foul Ball, location: 2F
2-2: Foul Ball, location: 2F
2-2: Ball
3-2: SINGLE (Line Drive, 4MD)
Daryl Yandell to second
Pitching: RHP Horatio McAllister
Batting: RHB Alan Patterson 0-0: Grounds into double play, 6-4-3 (Groundball, 6)
Top of the 5th over - 0 runs, 1 hit, 0 errors, 1 left on base; Tacoma 5 - Minnesota 3
BOTTOM OF THE 5TH
Minnesota Loons batting - Pitching for Tacoma Fur Traders : RHP John Hottinger
Batting: LHB Rim Hong-Do 0-0: Ground out 6-3 (Groundball, 6)
Batting: RHB José de la Cavallería 0-0: Called Strike
0-1: Foul Ball, location: 2F
0-2: Fly out, F8 (Flyball, 8LS)
Batting: LHB Johan Kroening 0-0: Called Strike
0-1: Fly out, F8 (Line Drive, 89S)
Bottom of the 5th over - 0 runs, 0 hits, 0 errors, 0 left on base; Tacoma 5 - Minnesota 3
TOP OF THE 6TH
Tacoma Fur Traders batting - Pitching for Minnesota Loons : RHP Horatio McAllister
Batting: RHB Gerardo Herváz 0-0: Foul Ball, location: 2F
0-1: Ground out 5-3 (Groundball, 5S)
Batting: RHB Bill Perkins 0-0: Called Strike
0-1: Foul Ball, location: 2F
0-2: Ball
1-2: Strikes out swinging
Batting: RHB Sherman N'Dir 0-0: Foul Ball, location: 2F
0-1: Ball
1-1: Called Strike
1-2: Strikes out swinging
Top of the 6th over - 0 runs, 0 hits, 0 errors, 0 left on base; Tacoma 5 - Minnesota 3
BOTTOM OF THE 6TH
Minnesota Loons batting - Pitching for Tacoma Fur Traders : RHP John Hottinger
Batting: LHB Juan Aranda 0-0: Swinging Strike
0-1: Ball
1-1: Foul Ball, location: 2F
1-2: Strikes out swinging
Batting: RHB Ángelo Delgado 0-0: Ball
1-0: Ground out 4-3 (Groundball, 4S)
Batting: RHB Luis Delvalle 0-0: Ground out U3 (Groundball, 34)
Bottom of the 6th over - 0 runs, 0 hits, 0 errors, 0 left on base; Tacoma 5 - Minnesota 3
TOP OF THE 7TH
Tacoma Fur Traders batting - Pitching for Minnesota Loons : RHP Horatio McAllister
Batting: RHB Jeremy Geertsen 0-0: Called Strike
0-1: Ball
1-1: Swinging Strike
1-2: Strikes out swinging
Batting: RHB Jonathan Barnett 0-0: Fly out, F8 (Flyball, 8LM)
Batting: RHB Daryl Yandell 0-0: Called Strike
0-1: Fly out, F6 (Line Drive, 6M)
Top of the 7th over - 0 runs, 0 hits, 0 errors, 0 left on base; Tacoma 5 - Minnesota 3
BOTTOM OF THE 7TH
Minnesota Loons batting - Pitching for Tacoma Fur Traders : RHP John Hottinger
Batting: RHB Cody Jaeckel 0-0: Ball
1-0: Foul Ball, location: 2F
1-1: Foul Ball, location: 2F
1-2: Ball
2-2: Ball
3-2: Ground out 6-3 (Groundball, 6)
Batting: RHB Hani Azwan 0-0: Fly out, F4 (Popup, 23)
Batting: SHB Raúl Mateo 0-0: Ball
1-0: Ball
2-0: Foul Ball, location: 2F
2-1: Foul Ball, location: 2F
2-2: Ball
3-2: Foul Ball, location: 2F
3-2: Base on Balls
Batting: LHB Rim Hong-Do 0-0: Reached on error, E9 (Line Drive, 9)
Raúl Mateo to third
Pinch Hitting: LHB Bennett Whitford 0-0: Called Strike
0-1: Ball
1-1: Swinging Strike
1-2: Ground out 1-3 (Groundball, P)
Bottom of the 7th over - 0 runs, 0 hits, 1 error, 2 left on base; Tacoma 5 - Minnesota 3
TOP OF THE 8TH
Tacoma Fur Traders batting - Pitching for Minnesota Loons : RHP Horatio McAllister
Now at 3B: Rubén Medina
Batting: RHB Amon-Ra St. Brown 0-0: Ball
1-0: Ball
2-0: Called Strike
2-1: Ball
3-1: Base on Balls
Batting: RHB Mike Case 0-0: Ball
1-0: Ball
2-0: Ball
3-0: Base on Balls
Amon-Ra St. Brown to second
Batting: RHB Alan Patterson 0-0: Sac Bunt - play at first, batter safe!
Amon-Ra St. Brown to third
Mike Case to second
Batting: RHB Gerardo Herváz 0-0: Ball
1-0: Foul Ball, location: 2F
1-1: DOUBLE (Line Drive, 89S)
Amon-Ra St. Brown scores
Mike Case scores
Alan Patterson to third
Pitching: RHP Martyn Drdio
Batting: RHB Bill Perkins 0-0: Foul Ball, location: 2F
0-1: Foul Ball, location: 2F
0-2: Ball
1-2: Foul Ball, location: 2F
1-2: Foul Ball, location: 2F
1-2: Foul Ball, location: 2F
1-2: Ball
2-2: Ball
3-2: Ground out 5-3 (Groundball, 5)
Batting: RHB Sherman N'Dir 0-0: Ground out 4-3 (Groundball, 34D)
Batting: RHB Jeremy Geertsen 0-0: Ball
1-0: Ball
2-0: Ball
3-0: Base on Balls
Batting: RHB Jonathan Barnett 0-0: Ball
1-0: Fielders Choice at 2nd, 5-4 (Groundball, 56)
Top of the 8th over - 2 runs, 2 hits, 0 errors, 3 left on base; Tacoma 7 - Minnesota 3
BOTTOM OF THE 8TH
Minnesota Loons batting - Pitching for Tacoma Fur Traders : RHP John Hottinger
Batting: LHB Johan Kroening 0-0: SINGLE (Groundball, 34D)
Batting: LHB Juan Aranda 0-0: Foul Ball, location: 2F
0-1: Ball
1-1: Ball
2-1: Foul Ball, location: 2F
2-2: Foul Ball, location: 2F
2-2: Ball
3-2: Fly out, F9 (Flyball, 89XD)
Batting: RHB Ángelo Delgado 0-0: Ball
1-0: Called Strike
1-1: Ball
2-1: Swinging Strike
2-2: Ball
3-2: Strikes out looking
Johan Kroening is caught stealing 2nd base
Batter strikes out.
Bottom of the 8th over - 0 runs, 1 hit, 0 errors, 0 left on base; Tacoma 7 - Minnesota 3
TOP OF THE 9TH
Tacoma Fur Traders batting - Pitching for Minnesota Loons : RHP Martyn Drdio
Batting: RHB Daryl Yandell 0-0: Ball
1-0: Called Strike
1-1: Foul Ball, location: 2F
1-2: Ball
2-2: Ball
3-2: Strikes out looking
Batting: RHB Amon-Ra St. Brown 0-0: Called Strike
0-1: Called Strike
0-2: Ball
1-2: Foul Ball, location: 2F
1-2: SINGLE (Groundball, 4MD)
Batting: RHB Mike Case 0-0: Called Strike
0-1: Ball
1-1: Foul Ball, location: 2F
1-2: Ball
2-2: Foul Ball, location: 2F
2-2: SINGLE (Line Drive, 78S)
Amon-Ra St. Brown to second
Batting: RHB Alan Patterson 0-0: Ball
1-0: Ball
2-0: Foul Ball, location: 2F
2-1: Ball
3-1: Foul Ball, location: 2F
3-2: Base on Balls
Amon-Ra St. Brown to third
Mike Case to second
Batting: RHB Gerardo Herváz 0-0: Ball
1-0: Called Strike
1-1: Ball
2-1: GRAND SLAM HOME RUN (Flyball, 78XD), Distance : 403 ft
Batting: RHB Bill Perkins 0-0: Ball
1-0: Ball
2-0: Ball
3-0: Called Strike
3-1: Called Strike
3-2: Base on Balls
Batting: RHB Sherman N'Dir 0-0: Foul Ball, location: 2F
0-1: Called Strike
0-2: Foul Ball, location: 2F
0-2: Foul Ball, location: 2F
0-2: Ball
1-2: Fly out, F3 (Popup, 3L)
Batting: RHB Jeremy Geertsen 0-0: Ball
1-0: Ball
2-0: Foul Ball, location: 2F
2-1: Foul Ball, location: 2F
2-2: Ball
3-2: Foul Ball, location: 2F
3-2: Strikes out swinging
Top of the 9th over - 4 runs, 3 hits, 0 errors, 1 left on base; Tacoma 11 - Minnesota 3
BOTTOM OF THE 9TH
Minnesota Loons batting - Pitching for Tacoma Fur Traders : RHP John Hottinger
Now at C: Mauro Deleón
Now in RF: Ricardo Sandoval
Batting: RHB Luis Delvalle 0-0: Fly out, F8 (Flyball, 8LD)
Pitching: RHP Wendell Clingan
Batting: RHB Cody Jaeckel 0-0: Ball
1-0: Ball
2-0: Foul Ball, location: 2F
2-1: Swinging Strike
2-2: Ball
3-2: Base on Balls
Batting: RHB Hani Azwan 0-0: Ball
1-0: Swinging Strike
1-1: Ball
2-1: Ball
3-1: Foul Ball, location: 2F
3-2: Foul Ball, location: 2F
3-2: Base on Balls
Cody Jaeckel to second
Batting: SHB Raúl Mateo 0-0: Reached on error, E4 (Groundball, 4)
Cody Jaeckel to third
Hani Azwan to second
Batting: LHB Rim Hong-Do 0-0: Ball
1-0: Ball
2-0: Ball
3-0: Called Strike
3-1: Base on Balls
Cody Jaeckel scores
Hani Azwan to third
Raúl Mateo to second
Batting: RHB Rubén Medina 0-0: Foul Ball, location: 2F
0-1: Ball
1-1: Ball
2-1: Ball
3-1: Base on Balls
Hani Azwan scores
Raúl Mateo to third
Rim Hong-Do to second
Batting: LHB Johan Kroening 0-0: Called Strike
0-1: Ball
Wild Pitch!
Raúl Mateo scores
Rim Hong-Do to third
Rubén Medina to second
1-1: Foul Ball, location: 2F
1-2: Fly out, F7 (Flyball, 7LS)
Batting: LHB Juan Aranda 0-0: Called Strike
0-1: Ball
1-1: Foul Ball, location: 2F
1-2: Ball
2-2: Foul Ball, location: 2F
2-2: Ball
3-2: Base on Balls
Pitching: RHP Justin Barber
Batting: RHB Ángelo Delgado 0-0: Called Strike
0-1: Swinging Strike
0-2: Strikes out swinging
Bottom of the 9th over - 3 runs, 0 hits, 1 error, 3 left on base; Tacoma 11 - Minnesota 6
Tuesday, June 12th, 2018 - OOTP Baseball 18.8 Build 76